 Dungeon Crawl Stone Soup version 0.30-a0-571-gdf30a72648 (webtiles) character file.

Game seed: 3229138474601137489

1346 Newt the Shooter (level 8, 0/61 HPs)
             Began as a Demonspawn Gladiator on Dec 29, 2022.
             Killed by divine providence
             ... invoked by an orc priest
              (11 damage)
             ... on level 5 of the Dungeon.
             The game lasted 00:09:18 (5030 turns).

Newt the Shooter (Demonspawn Gladiator)             Turns: 5030, Time: 00:09:19

Health: 0/61       AC: 17    Str: 13    XL:     8   Next: 36%
Magic:  8/8        EV: 11    Int: 13    God:
Gold:   637        SH:  0    Dex: 21    Spells: 7/7 levels left

rFire   x . .      SeeInvis .    b - +1 sling (flame)
rCold   + . .      Faith    .    (no shield)
rNeg    . . .      Spirit   .    n - +7 chain mail "Nyjeets" {Drain rC+ Int+3}
rPois   .          Reflect  .    (helmet restricted)
rElec   .          Harm     .    w - +1 cloak of Starlight {*Dazzle EV+4 Stlth--}
rCorr   .          Rampage  .    (no gloves)
Will    ++++.                    (no boots) Stlth
                                 q - amulet of regeneration
HPRegen 1.10/turn                F - ring of the Marlin {Fly rF- Will+++ Str-4 Dex+7}
MPRegen 0.11/turn                t - ring of willpower

@: mighty, attractive, flying
A: horns 1, powered by death 2, weakness stinger 2
a: no special abilities


You were on level 5 of the Dungeon.
You visited 1 branch of the dungeon, and saw 5 of its levels.
You also visited: Ossuary.

You collected 1411 gold pieces.
You spent 774 gold pieces at shops.

Inventory:

Hand Weapons
 a - a +0 rapier
 b - a +1 sling of flaming (weapon)
 E - a +1 dagger of draining
Missiles
 e - a javelin
 l - 3 curare-tipped darts
 m - 39 stones
 x - 5 poisoned darts
 y - 2 throwing nets
Armour
 c - a +0 helmet
 n - the +7 chain mail "Nyjeets" (worn) {Drain rC+ Int+3}
   (You bought it in a shop on level 1 of the Dungeon)

   Int:       It affects your intelligence (+3).
   rC:        It protects you from cold.
   Drain:     It drains your maximum health when unequipped.
 s - a +1 leather armour
 w - the +1 cloak of Starlight (worn) {*Dazzle EV+4 Stlth--}
   (You acquired it on level 3 of the Dungeon)

   It may blind those who miss an attack against the wearer in melee combat.
   EV:        It affects your evasion (+4).
   Stlth:     It makes you much less stealthy.
Jewellery
 g - a ring of magical power
 q - an amulet of regeneration (around neck)
 t - a ring of willpower (right hand)
 F - the ring of the Marlin (left hand) {Fly rF- Will+++ Str-4 Dex+7}
   (You bought it in a shop on level 3 of the Dungeon)

   [ring of flight]

   Str:       It affects your strength (-4).
   Dex:       It affects your dexterity (+7).
   rF:        It makes you vulnerable to fire.
   Fly:       It grants you flight.
   Will:      It greatly increases your willpower.
 G - a ring of positive energy
Wands
 B - a wand of digging (6)
Scrolls
 p - 7 scrolls of identify
 r - a scroll of blinking
 D - a scroll of enchant armour
 H - a scroll of amnesia {unknown}
Potions
 d - a potion of lignification {unknown}
 f - 2 potions of magic
 h - 2 potions of brilliance
 i - a potion of flight
 j - 3 potions of cancellation
 k - a potion of might
 u - a potion of heal wounds {unknown}
 z - a potion of haste {unknown}
 A - a potion of attraction
 I - a potion of berserk rage {unknown}


   Skills:
 + Level 4.3 Fighting
 - Level 2.6 Short Blades
 - Level 6.0 Ranged Weapons
 - Level 1.7 Throwing
 - Level 5.0 Dodging
 - Level 2.0 Stealth
 - Level 4.0 Evocations


You had 7 spell levels left.
You didn't know any spells.
Your spell library contained the following spells:

 Spells                   Type           Power      Damage    Failure   Level
 Hailstorm                Conj/Ice       0%         3d3       100%        3
 Ice Form                 Ice/Tmut       0%         N/A       100%        4
 Freezing Cloud           Conj/Ice/Air   0%         6-21      100%        5
 Simulacrum               Ice/Necr       0%         N/A       100%        6
 Polar Vortex             Ice            0%         N/A       100%        9


Dungeon Overview and Level Annotations

Branches:
Dungeon (5/15)            Ossuary (visited)
 Temple: D:4-7

Altars:
Ashenzari
Makhleb
Vehumet

Shops:
D:1 [   D:3 =

Annotations:
D:5 Dowan, Duvessa


Innate Abilities, Weirdness & Mutations

You have a pair of small horns on your head.
You regenerate health from kills.
You have a tail ending in a sharp stinger.


Message History

Dowan mumbles some strange words.
Dowan blinks!
The orc priest invokes the aid of Beogh against you.
Beogh smites you! Duvessa hits you with a +0 short sword.
* * * LOW HITPOINT WARNING * * *
You are too injured to fight recklessly!
You are too injured to fight recklessly!
Okay, then.
It was a potion of magic.
Magic courses through your body.
Dowan gestures wildly while chanting.
Dowan blinks!
Duvessa hits you but does no damage.
It was a potion of brilliance.
You feel clever all of a sudden.
The orc priest miscasts a cantrip.
Duvessa closely misses you.
It was a potion of cancellation.
Your magical effects are unravelling.
You feel magically purged.
You feel a little less clever now. Duvessa hits you with a +0 short sword.
* * * LOW HITPOINT WARNING * * *
It was a potion of might.
You feel very mighty all of a sudden. Duvessa hits you with a +0 short sword.
* * * LOW HITPOINT WARNING * * *
It was a potion of flight.
You feel more buoyant. Duvessa barely misses you.
It was a potion of attraction.
You feel attractive to monsters.
Dowan smirks and points a slender finger.
The orc priest calls down the wrath of Beogh upon you.
Beogh smites you!
* * * LOW HITPOINT WARNING * * *
Duvessa says, "When magic and the sword combine, nothing stands against them."
Duvessa hits you but does no damage.
You feel better. Duvessa hits you but does no damage.
The orc priest invokes the aid of Beogh against you.
Beogh smites you!
You die...

#...##.##....## ♣♣♣♣♣
#...#...#....# ♣♣.♣♣.
#..##...##.### ♣♣♣♣♣♣♣.♣...
#..#..≈..#e###♣♣......♣♣♣♣♣
#..#§≈§≈.#o#.#♣.♣♣♣♣♣♣♣
#..#.≈§≈.#o#...♣♣
#..#.§≈≈.#e#.#♣♣
#..#.§§§.#.#.#
#..##§.§##@#.#
#...#####..).#
#......).)..##
#.########### #..## ##..#
##♣♣♣♣♣ ##.#########.....♣♣
♣ #.....eoo........♣♣♣ ♣♣♣♣
##########.#♣♣♣♣♣..♣♣♣...


You could see Duvessa, Dowan and 2 orc priests.

Vanquished Creatures
  Grinder (D:3)
  A phantom (D:5)
  A necrophage (D:5)
  3 scorpions
  A water moccasin zombie (Ossuary)
  A wight (Ossuary)
  A howler monkey (D:5)
  A crimson imp (D:5)
  A centaur zombie (Ossuary)
  A bullfrog zombie (Ossuary)
  3 hounds
  2 gnoll boudas (D:4)
  Jessica (D:3)
  A scorpion zombie (Ossuary)
  An orc wizard (D:5)
  Ijyb (D:3)
  An iguana (D:5)
  An ogre zombie (Ossuary)
  8 gnolls
  5 adders
  2 white imps (D:5)
  An adder zombie (Ossuary)
  2 worms (D:2)
  4 dart slugs
  17 orcs
  5 giant cockroaches
  5 gnoll zombies (Ossuary)
  7 goblins
  10 hobgoblins
  10 kobolds
  7 quokkas
  5 ball pythons
  4 bats
  2 frilled lizards
  5 goblin zombies (Ossuary)
  3 hobgoblin zombies (Ossuary)
  3 orc zombies (Ossuary)
  3 rats
131 creatures vanquished.

Vanquished Creatures (others)
  An orc (D:5)
1 creature vanquished.

Grand Total: 132 creatures vanquished

Notes
Turn   | Place    | Note
-------+----------+-------------------------------------------
     0 | D:1      | Newt the Demonspawn Gladiator began the quest for the Orb.
     0 | D:1      | Reached XP level 1. HP: 16/16 MP: 1/1
    73 | D:1      | Reached skill level 1 in Stealth
   204 | D:1      | Gained mutation: You regenerate a little health from kills.
                  | [demonic ancestry]
   204 | D:1      | Reached XP level 2. HP: 22/22 MP: 2/2
   232 | D:1      | Found a faded altar of an unknown god.
   251 | D:1      | Found Cekymmob's Antique Armour Shoppe.
   972 | D:2      | Discovered your monstrous ancestry.
   972 | D:2      | Gained mutation: You have a pair of small horns on your
                  | head. [demonic ancestry]
   972 | D:2      | Reached XP level 3. HP: 27/28 MP: 3/3
  1374 | D:2      | Gained mutation: You have a small tail. [demonic ancestry]
  1374 | D:2      | Reached XP level 4. HP: 37/37 MP: 4/4
  1856 | D:3      | Identified 2 scrolls of acquirement
  1856 | D:3      | Acquired the +1 cloak of Starlight {*Dazzle EV+4 Stlth--}
  1856 | D:3      | Found the +1 cloak of Starlight {*Dazzle EV+4 Stlth--}
  1863 | D:3      | Acquired 1042 gold pieces
  1958 | D:1      | Bought a jade-encrusted chain mail for 256 gold pieces
  1958 | D:1      | Identified the +7 chain mail "Nyjeets" {Drain rC+ Int+3}
                  | (You bought it in a shop on level 1 of the Dungeon)
  2022 | D:3      | Noticed Grinder
  2309 | D:3      | Identified the +1 helmet "Xeigone" {rPois Will+}
  2313 | D:3      | Paralysed by Grinder for 5 turns
  2323 | D:3      | Paralysed by Grinder for 3 turns
  2338 | D:3      | Paralysed by Grinder for 5 turns
  2364 | D:3      | Killed Grinder
  2365 | D:3      | Reached skill level 4 in Ranged Weapons
  2365 | D:3      | Gained mutation: You have a tail ending in a sharp stinger.
                  | [demonic ancestry]
  2365 | D:3      | Reached XP level 5. HP: 34/42 MP: 5/5
  2365 | D:3      | Reached XP level 6. HP: 39/48 MP: 6/6
  2659 | D:3      | Noticed Ijyb
  2689 | D:3      | Killed Ijyb
  2728 | D:3      | Noticed Jessica
  2734 | D:3      | Killed Jessica
  2811 | D:3      | Found Nuloo's Jewellery Shop.
  2819 | D:3      | Bought the ring of the Marlin {Fly rF- Will+++ Str-4 Dex+7}
                  | for 518 gold pieces
  3027 | D:4      | Found a broken altar of Ashenzari.
  3041 | D:4      | Found a burning altar of Makhleb.
  3114 | D:4      | Found a sand-covered staircase.
  3136 | Ossuary  | Entered an ossuary
  3185 | Ossuary  | Reached XP level 7. HP: 45/54 MP: 7/7
  3257 | Ossuary  | Reached skill level 5 in Dodging
  3268 | Ossuary  | Reached skill level 1 in Evocations
  3351 | Ossuary  | Noticed a silent spectre
  3845 | D:4      | Found a radiant altar of Vehumet.
  4113 | D:5      | Entered Level 5 of the Dungeon
  4403 | D:5      | Gained mutation: You regenerate health from kills. [demonic
                  | ancestry]
  4403 | D:5      | Reached XP level 8. HP: 53/60 MP: 8/8
  4480 | D:5      | Reached skill level 5 in Ranged Weapons
  4875 | D:5      | Reached skill level 6 in Ranged Weapons
  4914 | D:5      | Noticed Dowan
  4917 | D:5      | Noticed Duvessa
  5028 | D:5      | HP: 1/61 [orc priest/divine providence (11)]
  5030 | D:5      | Killed from afar by an orc priest

Illustrated notes

Levels and vault maps discovered:
D:1:      evilmike_arrival_crescent, layout_loops_corners, serial_shops, shop,
          ebering_ecumenical_altar_box
D:2:      layout_basic
D:3:      layout_rooms, serial_shops, nicolae_shop_hallway_stairs, uniq_jessica,
          uniq_grinder, uniq_ijyb
D:4:      layout_rooms, amcnicky_altar_gilded,
          mainiacjoe_overflow_cross_hatched, vehumet_crystals,
          nicolae_ossuary_entry_false_entrances, wad_orctagon
D:5:      kb_forest_paths, layout_cave_pools, grunt_decor_mini_mirrors,
          minmay_fire_ice_demons, uniq_menkaure, uniq_duvessa

Skill      XL: |  1  2  3  4  5  6  7  8 |
---------------+-------------------------+-----
Stealth        | 1 2 |  2.0
Fighting       | 3 4 |  4.3
Ranged Weapons | 4 6 |  6.0
Dodging        | 4 5 |  5.0
Evocations     | 4 |  4.0
Short Blades   | |  2.6
Throwing       | |  1.7

Action                   |  1- 3 |  4- 6 |  7- 9 || total
-------------------------+-------+-------+-------++-------
Melee: Rapier            |    93 |    19 |       ||   112
       Punch             |     1 |       |       ||     1
       Headbutt          |     9 |     4 |       ||    13
       Tailslap          |       |     5 |       ||     5
 Fire: Sling             |     5 |   225 |   325 ||   555
Throw: Throwing net      |       |     3 |     1 ||     4
       Dart              |       |     3 |       ||     3
  Use: Scroll            |     1 |     9 |     4 ||    14
       Potion            |       |       |     7 ||     7
 Stab: Sleeping          |     8 |       |       ||     8
       Invisible         |       |     2 |       ||     2
Armor: Leather armour    |    29 |     2 |       ||    31
       Chain mail        |       |   112 |   258 ||   370
Dodge: Dodged            |    46 |   161 |   238 ||   445

Table legend: (Time is in decaauts)
 A = Elapsed time spent in this place.
 B = Non-inter-level travel time spent in this place.
 C = Inter-level travel time spent in this place.
 D = Time resting spent in this place.
 E = Time spent auto-exploring this place.
 F = Levels seen in this place.
 G = Mean time per level.
                   A        B        C        D        E       F      G
               +--------+--------+--------+--------+--------+-----+--------+
         Total |   5433 |   5147 |    286 |    654 |   2836 |   6 |  905.5 |
       Dungeon |   4892 |   4606 |    286 |    460 |   2739 |   5 |  978.4 |
       Ossuary |    541 |    541 |      0 |    194 |     97 |   1 |  541.0 |
               +--------+--------+--------+--------+--------+-----+--------+

Top non-repeatable levels by time:
     D:2: 1258 daAuts
     D:4: 1007 daAuts
     D:1: 998 daAuts
     D:5: 894 daAuts
     D:3: 734 daAuts
 Ossuary: 541 daAuts
